 Dungeon Crawl Stone Soup version 0.31-a0-1242-g57893ffec4 (webtiles) character file.

Game seed: 16115252547268140878

458 James the Ruffian (level 6, -2/61 HPs)
             Began as a Troll Gladiator on Dec 16, 2023.
             Was an Initiate of Hepliaklqana.
             Killed by nerve-wracking pain
             ... invoked by an orc priest
              (13 damage)
             ... on level 4 of the Dungeon.
             The game lasted 00:06:02 (4341 turns).

James the Ruffian (Troll Gladiator)                 Turns: 4341, Time: 00:06:04

Health: -2/61      AC:  5    Str: 25    XL:     6   Next: 77%
Magic:  5/5        EV: 10    Int:  4    God:    Hepliaklqana [......]
Gold:   151        SH:  0    Dex: 11    Spells: 5/5 levels left

rFire   . .          .
                       - Unarmed
rCold   . . .        (no shield)
rNeg    . . .        a - +0 robe
rPois   .            b - +1 hat
rElec   .            (no cloak)
rCorr   .            (gloves unavailable)
SInv    .            (boots unavailable)
Will    .....        (no amulet)
Stlth   +            l - ring of wizardry
HPRegen 1.10/turn    s - ring of wizardry
MPRegen 0.09/turn

%: wizardry (x2)
@: no status effects
A: large, unfitting armour, claws 3, regeneration 1, shaggy fur 1, tough skin 1
a: Renounce Religion


You were on level 4 of the Dungeon.
You worshipped Hepliaklqana.
Hepliaklqana was noncommittal.
You visited 2 branches of the dungeon, and saw 5 of its levels.

You collected 151 gold pieces.

Inventory:

Hand Weapons
 q - a +0 sling
   (You found it on level 2 of the Dungeon)
 t - a +2 spear of flaming
   (You took it off a gnoll on level 3 of the Dungeon)
Missiles
 c - 3 throwing nets (quivered) {!f}
 d - a large rock
 e - 75 stones
 j - 2 poisoned darts
 n - 3 javelins
Armour
 a - a +0 robe (worn)
 b - a +1 hat (worn)
 p - a +0 robe
   (You found it on level 2 of the Dungeon)
 r - a +0 robe
   (You found it on level 3 of the Dungeon)
 x - a +0 robe
   (You found it on level 4 of the Dungeon)
Magical Staves
 w - a staff of cold
   (You found it on level 4 of the Dungeon)
Jewellery
 l - a ring of wizardry (left claw)
   (You found it on level 1 of the Dungeon)
 s - a ring of wizardry (right claw)
   (You found it on level 3 of the Dungeon)
Wands
 v - a wand of polymorph (11)
   (You took it off Natasha on level 3 of the Dungeon)
Scrolls
 f - a scroll of noise {unknown}
 g - 2 scrolls of identify {unknown}
 i - 3 scrolls of enchant armour
 k - a scroll of revelation
 m - 2 scrolls of teleportation {unknown}
 o - a scroll of immolation {unknown}
 u - a scroll of enchant weapon {unknown}
Potions
 h - 4 potions of heal wounds {unknown}


   Skills:
 - Level 3.0 Fighting
 - Level 2.0 Throwing
 - Level 3.0 Dodging
 + Level 6.7 Unarmed Combat


You had 5 spell levels left.
You didn't know any spells.
Your spell library contained the following spells:

 Spells                   Type           Power      Damage    Failure   Level
 Cigotuvi's Dreadful Rot  Necr/Pois/Air  0%         N/A       22%         2
 Gell's Gravitas          Tloc           0%         N/A       38%         3
 Teleport Other           Tloc           0%         N/A       38%         3
 Dispel Undead            Necr           0%         3d6       78%         4
 Death Channel            Necr           0%         N/A       100%        6
 Dispersal                Tloc           0%         N/A       100%        6


Dungeon Overview and Level Annotations

Branches:
Dungeon (4/15)             Temple (1/1) D:4

Altars:
Cheibriados
Dithmenos
Elyvilon
Fedhas
Hepliaklqana
Kikubaaqudgha
Makhleb
Okawaru
Qazlal
Sif Muna
Trog
Uskayaw
Vehumet
Wu Jian
Yredelemnul


Innate Abilities, Weirdness & Mutations

You are too large for most types of armour.
You have claws for hands.
Your natural rate of healing is unusually fast.
You are covered in fur. (AC +1)
You have tough skin. (AC +1)


Message History

The black bear claws you but does no damage.
The black bear claws you.
You claw the goblin!
You kill the goblin!
The black bear closely misses you. The black bear completely misses you.
The black bear claws you.
You scratch the black bear. The black bear bites you.
The black bear claws you but does no damage.
The black bear claws you.
You scratch the black bear. You claw the black bear!
The black bear goes berserk!
You claw the black bear!
You kill the black bear!
Your Unarmed Combat skill increases to level 6!
You scratch the ogre. The ogre closely misses you.
The orc priest invokes the aid of Beogh against you.
Beogh smites you!
You claw the ogre! The ogre misses you.
You claw the ogre! You mangle the ogre!!
You kill the ogre!
The orc priest mumbles some strange prayers to Beogh against you.
Beogh smites you!
You closely miss the orc. The orc hits you with a +0 hand axe.
The orc priest invokes the aid of Beogh against you.
Beogh smites you!
* * * LOW HITPOINT WARNING * * *
You closely miss the orc. You scratch the orc.
You kill the orc!
The orc hits you but does no damage.
The orc priest begins to cast a cantrip, but forgets the words!
The orc completely misses you.
You see here a +0 club.
You mangle the orc!!
You kill the orc!
The orc hits you with a +0 club.
* * * LOW HITPOINT WARNING * * *
You see here a +0 hand axe.
You claw the orc!
You kill the orc!
The orc priest invokes the aid of Beogh against you.
Beogh smites you!
* * * LOW HITPOINT WARNING * * *
The orc priest hits you but does no damage.
Items here: )))) ††.
You closely miss the orc priest.
The orc priest mumbles some strange prayers to Beogh against you.
Pain shoots through your body!
You die...

#.# #.# #.....,,,,,,,,**,#.####
#.# #.###...#*,,,***,,**,*.#***
#.# #..##...#*,*,,,,,,*,,,.<...
#.# ##.##...#*,,,****,*,,,.####
#.# #......#**,,** *,*,,,,* #.#
#.###..# *,,,# *########## #.#
#.# #..# **,.####.........
*,****#.###..####.....#..#...#..
*,,,...........@o.....#_....)...
****###......))###.####..#...#..
#........# *,* #.........
#........# *,***##########
#........# *,,,,,,**,* *,
#........# ******,**,* *,
#........# *,**,* *, #........#
*,**,****,
#####.##.#*******,,,,,,,,,


You could see an orc priest.

Vanquished Creatures
  A black bear (D:4)
  An ogre (D:4)
  A howler monkey (D:3)
  Natasha (thrice) (D:3)
  5 adders
  3 gnolls (D:3)
  A worm (D:3)
  2 dart slugs (D:1)
  4 orcs (D:4)
  6 ball pythons
  3 bats
  10 endoplasms
  3 giant cockroaches
  6 goblins
  7 hobgoblins
  9 jackals
  10 kobolds
  A quokka (D:1)
  3 frilled lizards
  6 rats
85 creatures vanquished.

Notes
Turn   | Place    | Note
-------+----------+-------------------------------------------
     0 | D:1      | James the Troll Gladiator began the quest for the Orb.
     0 | D:1      | Reached XP level 1. HP: 19/19 MP: 0/0
    54 | D:1      | Reached XP level 2. HP: 21/28 MP: 1/1
   941 | D:2      | Reached XP level 3. HP: 36/36 MP: 2/2
  1213 | D:2      | Reached XP level 4. HP: 42/45 MP: 3/3
  1402 | D:2      | Found a faded altar of an unknown god.
  1672 | D:3      | Reached skill level 4 in Unarmed Combat
  1879 | D:3      | Reached XP level 5. HP: 49/53 MP: 4/4
  1972 | D:3      | Noticed Natasha
  1976 | D:3      | Killed Natasha
  2169 | D:3      | Reached skill level 5 in Unarmed Combat
  3004 | D:3      | Noticed Natasha
  3009 | D:3      | Killed Natasha
  3321 | D:3      | Noticed Natasha
  3339 | D:3      | Killed Natasha
  3829 | D:4      | Found a hazy altar of Hepliaklqana.
  3840 | D:4      | Found a staircase to the Ecumenical Temple.
  3848 | Temple   | Entered the Ecumenical Temple
  3878 | D:4      | Became a worshipper of Hepliaklqana the Forgotten
  3911 | D:4      | Found a hide-covered altar of Uskayaw.
  4104 | D:4      | Reached XP level 6. HP: 61/61 MP: 5/5
  4329 | D:4      | Reached skill level 6 in Unarmed Combat
  4341 | D:4      | Killed from afar by an orc priest

Illustrated notes

Levels and vault maps discovered:
D:1:      dpeg_arrival_pits, layout_loops_cross, minmay_pentomino_s2
D:2:      cheibrodos_helix_gallery, layout_basic,
          shapermc_ecumenical_altar_totnotflames
D:3:      layout_basic, st_stairs_2, uniq_natasha
D:4:      layout_loops_ring, lemuel_coloured_pillars_altar, zin_treasury,
          nzn_hepliaklqana_mist_gate, minmay_temple_entry_statues_pillars
Temple:   nicolae_temple_bog_church

Skill      XL: |  1  2  3  4  5  6 |
---------------+-------------------+-----
Throwing       | 2 |  2.0
Fighting       | 2 3 |  3.0
Dodging        | 3 |  3.0
Unarmed Combat | 4 5 6 |  6.7

Action                     |  1- 3 |  4- 6 || total
---------------------------+-------+-------++-------
  Melee: Unarmed           |   107 |   124 ||   231
         Punch             |     1 |     1 ||     2
    Use: Scroll            |       |     2 ||     2
   Stab: Sleeping          |     1 |       ||     1
 Armour: Robe              |    73 |    74 ||   147
         Skin              |       |     7 ||     7
  Dodge: Dodged            |    51 |    68 ||   119

Table legend: (Time is in decaauts)
 A = Elapsed time spent in this place.
 B = Non-inter-level travel time spent in this place.
 C = Inter-level travel time spent in this place.
 D = Time resting spent in this place.
 E = Time spent auto-exploring this place.
 F = Levels seen in this place.
 G = Mean time per level.
                   A        B        C        D        E       F      G
               +--------+--------+--------+--------+--------+-----+--------+
         Total |   4328 |   4236 |     92 |      0 |   3619 |   5 |  865.6 |
       Dungeon |   4317 |   4231 |     86 |      0 |   3619 |   4 | 1079.2 |
        Temple |     11 |      5 |      6 |      0 |      0 |   1 |   11.0 |
               +--------+--------+--------+--------+--------+-----+--------+

Top non-repeatable levels by time:
     D:3: 2230 daAuts
     D:2: 935 daAuts
     D:1: 652 daAuts
     D:4: 498 daAuts
  Temple: 11 daAuts
